 Dungeon Crawl Stone Soup version 0.20.0-8-g6b59dc7 (webtiles) character file.

265 McKennaii the Skirmisher (level 5, -6/42 HPs)
             Began as a Demonspawn Abyssal Knight on June 1, 2017.
             Was a Believer of Lugonu.
             Killed from afar by OutrageousFun's ghost (7 damage)
             ... with a magic dart
             ... on level 4 of the Dungeon.
             The game lasted 00:05:59 (2949 turns).

McKennaii the Skirmisher (DsAK)                     Turns: 2949, Time: 00:06:00

Health: -6/42      AC:  8    Str: 13    XL:     5   Next: 99%
Magic:  7/7        EV:  9    Int: 13    God:    Lugonu [**....]
Gold:   226        SH:  7    Dex: 13    Spells: 4/4 levels left

rFire    . . .     SeeInvis .   a - +1 falchion
rCold    . . .     Gourm    .   n - +0 buckler
rNeg     . . .     Faith    .   w - +0 scale mail
rPois    .         Spirit   .   (no helmet)
rElec    .         Reflect  +   (no cloak)
rCorr    .         Harm     .   (no gloves)
MR       .....     Rnd*Tele +   (no boots)
Stlth    ..........             p - +3 amulet of reflection
Regen    0.2/turn               d - ring of teleportation (curse)
MPRegen  0.1/turn               l - ring of loudness (curse)

@: lethally poisoned (-6 -> -26)
A: thin metallic scales 1, demonic guardian 1
a: Depart the Abyss, Bend Space, Renounce Religion


You were on level 4 of the Dungeon.
You worshipped Lugonu.
Lugonu was pleased with you.
You were not hungry.

You visited 1 branch of the dungeon, and saw 4 of its levels.
You visited the Abyss 1 time.

You collected 226 gold pieces.

Inventory:

Hand Weapons
 a - a +1 falchion (weapon)
Armour
 n - a +0 buckler (worn)
 w - a +0 scale mail (worn)
Jewellery
 d - a cursed ring of teleportation (left hand)
 j - a +2 ring of evasion
 l - a cursed ring of loudness (right hand)
 p - a +3 amulet of reflection (around neck)
Scrolls
 h - 2 scrolls of identify
 k - a scroll of teleportation
 s - a scroll of amnesia {unknown}
 u - a scroll of enchant weapon {unknown}
 v - a scroll of magic mapping {unknown}
 y - 4 scrolls of remove curse {unknown}
 z - 2 scrolls of fog {unknown}
 A - a scroll of enchant armour
 B - 3 scrolls of noise {unknown}
Potions
 e - a potion of resistance
 g - a potion of flight
 i - 3 potions of brilliance {unknown}
 m - 2 potions of lignification {unknown}
 o - a potion of heal wounds {unknown}
 q - a potion of mutation {unknown}
 r - a potion of curing {unknown}
 t - a potion of agility {unknown}
 x - a potion of haste {unknown}
Comestibles
 b - a chunk of flesh
 c - 2 bread rations
 f - 3 royal jellies


   Skills:
 + Level 4.1 Fighting
 + Level 3.6 Long Blades
 + Level 2.7 Armour
 + Level 1.7 Dodging
 + Level 1.0 Shields
 + Level 3.3 Invocations


You had 4 spell levels left.
You didn't know any spells.

Dungeon Overview and Level Annotations

Branches:
Dungeon (4/15)
 Temple: D:4-7

Altars:
Cheibriados
Uskayaw

Annotations:
D:4 OutrageousFun's ghost, amateur DsCj


Innate Abilities, Weirdness & Mutations

You are partially covered in thin metallic scales. (AC +2)
A weak demonic guardian rushes to your aid.


Message History

You barely miss OutrageousFun's ghost.
OutrageousFun's ghost is heavily damaged.
* * * LOW HITPOINT WARNING * * *
You feel very sick.
Your iron imp hits OutrageousFun's ghost!
OutrageousFun's ghost gestures at you while chanting.
The magic dart hits you!
* * * LOW HITPOINT WARNING * * *
You barely miss OutrageousFun's ghost.
OutrageousFun's ghost is severely damaged.
* * * LOW HITPOINT WARNING * * *
You feel sick.
Your iron imp barely misses OutrageousFun's ghost.
OutrageousFun's ghost points at you and mumbles some strange words.
The magic dart hits you!
* * * LOW HITPOINT WARNING * * *
You feel sick.
OutrageousFun's ghost casts a spell at you.
The magic dart hits you!
You die...

(.....#######
.............
#.............
##.............
#..............
#..............
#.......)......
#....W.........
#..@..5........
##.....<.......
#..............
#..#.#?###......
[..##.#.. ......
...# #....#
..... .##.
..#### ..... .
.). .... ## ##..


You could see OutrageousFun's ghost and a friendly iron imp.

Vanquished Creatures
  Terence (D:2)
  2 worker ants
  8 adders
  3 gnolls (D:3)
  2 worms
  2 dart slugs (D:3)
  9 leopard geckos
  An orc (D:3)
  A ball python (D:1)
  4 giant cockroaches
  13 goblins
  4 hobgoblins
  4 jackals (D:3)
  A quokka (D:3)
  12 bats
  4 frilled lizards
  4 kobolds
  7 rats
82 creatures vanquished.

Notes
Turn   | Place    | Note
-------+----------+-------------------------------------------
     0 | Abyss:1  | McKennaii the Demonspawn Abyssal Knight began the quest for the Orb.
     0 | Abyss:1  | Reached XP level 1. HP: 18/18 MP: 2/2
    82 | Abyss:2  | Noticed an orange demon
    83 | Abyss:2  | Noticed a cacodemon
    92 | Abyss:2  | Noticed a large abomination
   119 | Abyss:2  | Noticed a ynoxinul
   120 | D:1      | Escaped the Abyss
   223 | D:1      | Reached * piety under Lugonu
   223 | D:1      | Gained mutation: You are partially covered in thin metallic scales. (AC +2) [demonic ancestry]
   223 | D:1      | Reached XP level 2. HP: 16/24 MP: 4/4
   844 | D:2      | Noticed Terence
   849 | D:2      | Reached XP level 3. HP: 30/30 MP: 5/5
   867 | D:2      | Killed Terence
   867 | D:2      | Reached skill level 1 in Dodging
   986 | D:2      | Reached XP level 4. HP: 26/37 MP: 6/6
  1120 | D:2      | Found a hide-covered altar of Uskayaw.
  1135 | D:2      | Reached skill level 4 in Fighting
  2089 | D:3      | Gained mutation: A weak demonic guardian rushes to your aid. [demonic ancestry]
  2089 | D:3      | Reached XP level 5. HP: 23/42 MP: 7/7
  2092 | D:3      | Reached ** piety under Lugonu
  2525 | D:3      | Reached skill level 1 in Shields
  2542 | D:3      | Found a snail-covered altar of Cheibriados.
  2932 | D:4      | Noticed OutrageousFun's ghost (amateur DsCj)
  2948 | D:4      | HP: 2/42 [poisoned by OutrageousFun's ghost]
  2949 | D:4      | Killed from afar by OutrageousFun's ghost

Skill      XL: |  1  2  3  4  5 |
---------------+----------------+-----
Long Blades    | 2 3 |  3.6
Dodging        | 1 |  1.7
Invocations    | 3 |  3.3
Fighting       | 4 |  4.1
Armour         | 2 |  2.7
Shields        | 1 |  1.0

Action                   |  1- 3 |  4- 6 || total
-------------------------+-------+-------++-------
Melee: Falchion          |   109 |   222 ||   331
Invok: Depart the Abyss  |     1 |       ||     1
  Use: Scroll            |     4 |       ||     4
  Eat: Chunk             |     1 |     6 ||     7
Armor: Leather armour    |    40 |    22 ||    62
       Scale mail        |       |    62 ||    62
Dodge: Dodged            |    86 |   104 ||   190
Block: Buckler           |     9 |    79 ||    88
       Reflection        |       |     1 ||     1
       Rpst.: Falchion   |    24 |    30 ||    54
